 Dungeon Crawl Stone Soup version 0.31-a0-217-g58bb5d79cf (webtiles) character file.

Game seed: 17286340012750939083

420 experimilk the Destroyer (level 6, -2/45 HPs)
             Began as a Draconian Conjurer on July 2, 2023.
             Slain by Grinder (5 damage)
             ... while paralysed by Grinder
             ... on level 5 of the Dungeon.
             The game lasted 00:05:19 (4702 turns).

experimilk the Destroyer (Draconian Conjurer)       Turns: 4702, Time: 00:05:20

Health: -2/45      AC:  6    Str:  9    XL:     6   Next: 62%
Magic:  3/9        EV:  2    Int: 20    God:
Gold:   171        SH:  0    Dex: 10    Spells: 2/9 levels left

rFire   . . .        h - +0 whip (venom)
rCold   . . .        (no shield)
rNeg    . . .        (body armour unavailable)
rPois   .            (helmet restricted)
rElec   .            (no cloak)
rCorr   .            (no gloves)
SInv    .            (no boots)
Will    .....        (no amulet)
Stlth   ++           (no ring)
HPRegen 0.27/turn    (no ring)
MPRegen 0.11/turn

%: no passive effects
@: paralysed
A: AC +6, unfitting armour, cold-blooded
a: no special abilities


You were on level 5 of the Dungeon.
You visited 1 branch of the dungeon, and saw 5 of its levels.

You collected 171 gold pieces.

Inventory:

Hand Weapons
 c - a +1 dagger of electrocution
 h - a +0 whip of venom (weapon)
Magical Staves
 m - a staff of fire
Scrolls
 a - a scroll of revelation {unknown}
 b - a scroll of enchant weapon {unknown}
 e - a scroll of poison
 f - 2 scrolls of fog {unknown}
 k - a scroll of summoning {unknown}
 l - a scroll of brand weapon {unknown}
 p - 2 scrolls of teleportation {unknown}
 r - a scroll of vulnerability {unknown}
Potions
 d - 4 potions of curing
 g - a potion of berserk rage {unknown}
 i - a potion of enlightenment {unknown}
 j - a potion of magic
 n - a potion of heal wounds {unknown}
 o - a potion of brilliance {unknown}
 q - a potion of mutation {unknown}


   Skills:
 - Level 1.7 Dodging
 - Level 1.7 Stealth
 - Level 2.0 Spellcasting
 + Level 8.1 Conjurations


You had 2 spell levels left.
You knew the following spells:

 Your Spells              Type           Power      Damage    Failure   Level
a - Magic Dart            Conj           100%       1d8       1%          1
x - Iskenderun's Mystic   Conj/Tloc      18%        2d6       30%         4
z - Searing Ray           Conj           68%        2d6       1%          2

Your spell library contained the following spells:

 Spells                   Type           Power      Damage    Failure   Level
 Apportation              Tloc           4%         N/A       16%         1
 Beastly Appendage        Tmut           4%         N/A       16%         1
 Necrotise                Necr           8%         1d4       16%         1
 Summon Small Mammal      Summ           8%         N/A       16%         1
 Wereblood                Tmut           2%         N/A       24%         2
 Dazzling Flash           Conj/Hex       36%        N/A       9%          3
 Fulminant Prism          Conj/Hex       9%         3d7       30%         4
 Spider Form              Tmut/Pois      2%         N/A       43%         3
 Vampiric Draining        Necr           2%         2d6       43%         3
 Agony                    Necr           2%         N/A       99%         5
 Summon Forest            Summ/Tloc      1%         N/A       99%         5
 Eringya's Noxious Bog    Tmut/Pois      1%         N/A       100%        6
 Summon Hydra             Summ           1%         N/A       100%        7


Dungeon Overview and Level Annotations

Branches:
Dungeon (5/15)
 Temple: D:4-7

Altars:
Makhleb
Qazlal
Sif Muna
The Shining One

Shops:
D:2 =

Annotations:
D:5 Grinder


Innate Abilities, Weirdness & Mutations

Your plain brown scales are hard. (AC +6)
You cannot fit into any form of body armour.
You are cold-blooded and may be slowed by cold attacks.


Message History

You hear an angry hiss.
An adder comes into view.
Grinder gestures at you.
You suddenly lose the ability to move!
Grinder gestures at you. Pain shoots through your body!
Grinder barely misses you. Grinder hits you.
You writhe in agony.
You can move again.
Casting: Searing Ray (safe; 1% risk of failure)
Confirm with . or Enter, or press ? or * to list all spells.
The spell is quite dangerous to miscast (30% risk of failure)!
Continue anyway?
Okay, then.
Casting: Iskenderun's Mystic Blast (quite dangerous; 30% risk of failure)
Confirm with . or Enter, or press ? or * to list all spells.
Aiming: Searing Ray (safe; 1% risk of failure)
Press: ? - help, Shift-Dir - straight line, f/p - Grinder
Aim: Grinder, carrying a wand of flame (13) (lightly wounded, 78% to hit)
The searing ray hits Grinder!
Grinder is moderately wounded. (Press . to maintain the ray.)
The adder bites you.
Grinder zaps a wand.
The puff of flame hits you!
The searing ray hits Grinder!
Grinder is heavily wounded.
The adder barely misses you. Grinder hits you.
You writhe in agony.
* * * LOW HITPOINT WARNING * * *
The searing ray hits Grinder.
Grinder is severely wounded.
The adder closely misses you. The adder bites you but does no damage.
Grinder zaps a wand.
The puff of flame hits you.
* * * LOW HITPOINT WARNING * * *
The searing ray misses Grinder.
You finish channelling your searing ray.
The adder misses you. Grinder gestures at you.
You suddenly lose the ability to move!
The adder bites you but does no damage. Grinder hits you.
* * * LOW HITPOINT WARNING * * *
You writhe in agony.
You die...

.. #. ..
# #.
..###.###
...$....#
....(..S#
.......@#
.......5#
#########


You could see Grinder and an adder.

Vanquished Creatures
  A sky beast (D:3)
  An ogre (D:4)
  Blork the orc (D:4)
  A hound (D:4)
  4 gnolls
  4 adders
  A worm (D:3)
  10 ball pythons
  7 bats
  10 endoplasms
  4 giant cockroaches
  5 goblins
  5 hobgoblins
  4 jackals (D:4)
  6 kobolds
  3 quokkas
  2 frilled lizards
69 creatures vanquished.

Notes
Turn   | Place    | Note
-------+----------+-------------------------------------------
     0 | D:1      | experimilk the Draconian Conjurer began the quest for the
                  | Orb.
     0 | D:1      | Reached XP level 1. HP: 14/14 MP: 3/3
   218 | D:1      | Reached XP level 2. HP: 18/20 MP: 1/5
   223 | D:1      | Learned a level 2 spell: Searing Ray
  1066 | D:1      | Reached skill level 5 in Conjurations
  1194 | D:2      | Reached XP level 3. HP: 26/26 MP: 2/6
  1721 | D:2      | Reached XP level 4. HP: 33/33 MP: 3/7
  1798 | D:2      | Found Koceloon's Jewellery Shop.
  2243 | D:2      | Found a stormy altar of Qazlal.
  2432 | D:2      | Reached skill level 6 in Conjurations
  2791 | D:3      | Found a glowing golden altar of the Shining One.
  3174 | D:3      | Noticed a sky beast
  3189 | D:3      | Killed a sky beast
  3190 | D:3      | Reached skill level 7 in Conjurations
  3190 | D:3      | Reached XP level 5. HP: 24/38 MP: 1/8
  3884 | D:4      | Found a burning altar of Makhleb.
  3999 | D:4      | Found a shimmering blue altar of Sif Muna.
  4140 | D:4      | Reached XP level 6. HP: 42/45 MP: 1/9
  4440 | D:4      | Learned a level 4 spell: Iskenderun's Mystic Blast
  4474 | D:4      | Noticed Blork the orc
  4481 | D:4      | Killed Blork the orc
  4482 | D:4      | Reached skill level 8 in Conjurations
  4693 | D:5      | Entered Level 5 of the Dungeon
  4693 | D:5      | Noticed Grinder
  4694 | D:5      | Paralysed by Grinder for 4 turns
  4701 | D:5      | Paralysed by Grinder for 5 turns
  4702 | D:5      | Slain by Grinder

Illustrated notes

Levels and vault maps discovered:
D:1:      dpeg_arrival_shelter, layout_loops_ring,
          chequers_serial_rivers_micro_b, minmay_shallow_snake_nest
D:2:      layout_rooms, basic_altar, serial_shops, nicolae_shop_gaudy_bauble,
          serial_aquarium, aquarium_bridge_square [aquarium_subvault_bridge,
          aquarium_subvault_balcony, aquarium_subvault_bridge,
          aquarium_subvault_wall], aquarium_bridge_square
          [aquarium_subvault_balcony, aquarium_subvault_balcony,
          aquarium_subvault_bridge, aquarium_subvault_wall],
          aquarium_window_corner, aquarium_window_double,
          aquarium_window_corner, aquarium_view_2b, aquarium_view_2g
D:3:      layout_basic, mainiacjoe_overflow_chevrons,
          chequers_serial_rivers_small_3, kennysheep_nondescript
D:4:      layout_loops_ring, makhleb_heckhound_becter,
          nicolae_sif_muna_condensation, serial_glass, glass_columns_a,
          glass_columns_a, minmay_misc_feat_columns, uniq_blork_the_orc
D:5:      layout_rooms, lemuel_doored_altar, uniq_grinder

Skill      XL: |  1  2  3  4  5  6 |
---------------+-------------------+-----
Conjurations   | 5 7 8 |  8.1
Dodging        | |  1.7
Stealth        | |  1.7
Spellcasting   | |  2.0

Action                     |  1- 3 |  4- 6 || total
---------------------------+-------+-------++-------
  Melee: Whip              |       |    10 ||    10
         Tailslap          |       |     3 ||     3
   Cast: Magic Dart        |    46 |    58 ||   104
         Searing Ray       |     8 |    12 ||    20
    Use: Potion            |     1 |       ||     1
         Scroll            |       |     3 ||     3
 Armour: Skin              |     5 |     5 ||    10
  Dodge: Dodged            |    13 |    11 ||    24

Table legend: (Time is in decaauts)
 A = Elapsed time spent in this place.
 B = Non-inter-level travel time spent in this place.
 C = Inter-level travel time spent in this place.
 D = Time resting spent in this place.
 E = Time spent auto-exploring this place.
 F = Levels seen in this place.
 G = Mean time per level.
                   A        B        C        D        E       F      G
               +--------+--------+--------+--------+--------+-----+--------+
         Total |   4705 |   4603 |    102 |    807 |   3443 |   5 |  941.0 |
       Dungeon |   4705 |   4603 |    102 |    807 |   3443 |   5 |  941.0 |
               +--------+--------+--------+--------+--------+-----+--------+

Top non-repeatable levels by time:
     D:1: 1534 daAuts
     D:2: 1234 daAuts
     D:3: 1039 daAuts
     D:4: 888 daAuts
     D:5: 8 daAuts
